Unix NetHack Version 5.0.0-0 post-release - last build May 23 2026 06:08:33 (1c0ff79ee797540d5714e4e18072db0edd9e58ae,branch:main).

Game began 2026-05-30 00:23:10, ended 2026-05-30 00:29:06.

DaveT, lawful male human Priest

                                                     -----     ---------
                                                     |...|    #......@.|
                                                     ....|    #|.....d.|
                                                  ----...|    #|.......|
                                                  |......|    #|.......|
                                                  |......|    #-------.-
                                                 #......<|    #       #
                                                 #--|-----    #
                                                    #         #
                                                    ##%##     #
                                                        ##    #
                                                         #    #
                                                        ##    #
                                                         #    #
                                                         ### ###
                                                      -----.---##
                                                      |.......|#
                                                      |.....^.-#
                                                      ---------

DaveT the Acolyte            St:13 Dx:12 Co:13 In:9 Wi:18 Ch:9  Lawful
Dlvl:4  $:53 HP:0(33) Pw:34(34) AC:0  Xp:4 T:1303  Stressed

Latest messages:
 The door opens.
 You fall down the stairs.
 The door resists!
 The door resists!
 The door opens.
 The bat misses!
 The bat bites!
 The bat bites!
 The bat bites!
 The bat bites!
 The bat bites!
 The bat bites!
 The bat misses!
 You kill the bat!
 You see here a bat corpse.
 You see here 6 gold pieces.
 The little dog is hit by a dart!
 You have a little trouble lifting $ - 6 gold pieces (46 in total).
 The little dog misses!
 You miss the little dog.
 The little dog bites!
 You kill the little dog!
 Welcome to experience level 4.
 You hear the splashing of a naiad.
 You see here a fortune cookie.
 You have a little trouble lifting C - a fortune cookie.
 You see here 7 gold pieces.
 You have a little trouble lifting $ - 7 gold pieces (53 in total).
 You see here a magenta potion.
 You have a little trouble lifting D - a magenta potion.
 You see here 7 cursed darts.
 A bear trap closes on your foot!
 You rebalance your load.  Movement is difficult.
 You have trouble lifting E - 7 cursed darts.
 You are caught in a bear trap.
 You are caught in a bear trap.
 You are caught in a bear trap.
 You are caught in a bear trap.
 The little dog bites!
 The little dog bites!
 The little dog misses!
 The little dog bites!
 You miss the little dog.
 The little dog bites!
 The little dog bites!
 The little dog bites!
 You die...
 Do you want your possessions identified? [ynq] (y) y
 Do you want to see your attributes? [ynq] (y) y
 Do you want an account of creatures vanquished? [ynaq] (y) q

Inventory:
 Coins    ('$')
  $ - 53 gold pieces
 Weapons  (')')
  E - 7 cursed -1 darts
  a - a blessed +3 mace (weapon in right hand)
 Armor    ('[')
  o - a +0 orcish helm (being worn)
  c - a +0 small shield (being worn)
  b - a +0 robe (being worn)
  z - a +0 splint mail (being worn)
 Comestibles  ('%')
  e - a clove of garlic
  s - 2 food rations
  C - a fortune cookie
  f - a sprig of wolfsbane
  A - a tin of french fried lichen
  l - a lichen corpse
 Scrolls  ('?')
  q - a cursed scroll of earth
  B - a scroll of identify
 Spellbooks  ('+')
  t - a spellbook of create monster
  g - a spellbook of detect monsters
  h - a spellbook of light
 Potions  ('!')
  r - a potion of gain energy
  p - 3 potions of healing
  D - a potion of see invisible
  m - a potion of speed
  d - 4 potions of holy water
 Rings    ('=')
  w - a ring of poison resistance
 Wands    ('/')
  x - a wand of digging (0:7)
  u - a wand of opening (0:6)
 Tools    ('(')
  y - a bell
  k - a can of grease (0:7)

DaveT the Priest's attributes:

Background:
 You were an Acolyte, a level 4 human Priest.
 You were lawful, nominally on a mission for Issek
 who was opposed by Mog (neutral) and Kos (chaotic).
 You were right-handed.
 You were in the Dungeons of Doom, on level 4.
 You entered the dungeon 1303 turns ago.
 It was the midnight hour.
 You had 86 experience points, 74 more were needed to attain level 5.

Basics:
 You had 0 out of 33 hit points.
 You had all 34 energy points (spell power).
 Your armor class was 0.
 Your wallet contained 53 zorkmids.
 Autopickup was off.

Final Characteristics:
 Your strength was 13 (limit:18/100).
 Your dexterity was 12 (base:13, limit:18).
 Your constitution was 13 (limit:18).
 Your intelligence was 9 (limit:18).
 Your wisdom was 18 (limit:18).
 Your charisma was 9 (limit:18).

Final Status:
 You were trapped in a bear trap.
 You had a wounded left leg.
 You weren't hungry.
 You were stressed; movement was moderately slowed.
 You were wielding a mace.
 You had basic skill with mace.

Final Attributes:
 You were devoutly aligned.
 You were guarded.
 Your spell casting was impaired by metallic armor, mitigated by your robe.
 You are dead.

Miscellaneous:
 You didn't encounter any bones levels.
 Total elapsed playing time was 5 minutes and 55 seconds.

Major events:
 Turn
    1: DaveT the lawful human Priest entered the dungeon
  766: attained the rank of Acolyte (level 3)
 1303: killed by a little dog

Spells:
 Name                 Level Category     Fail Retention
 detect monsters        1   divination    67%  76%-100%
 light                  1   clerical      67%  91%-100%
 create monster         2   clerical      67%  91%-100%

Skills:
 Fighting Skills
   bare handed combat [Unskilled]
 Weapon Skills
   club               [Unskilled]
   mace               [Basic]
   morning star       [Unskilled]
   flail              [Unskilled]
   hammer             [Unskilled]
   quarterstaff       [Unskilled]
   polearms           [Unskilled]
   spear              [Unskilled]
   trident            [Unskilled]
   lance              [Unskilled]
   bow                [Unskilled]
   sling              [Unskilled]
   crossbow           [Unskilled]
   dart               [Unskilled]
   shuriken           [Unskilled]
   boomerang          [Unskilled]
   unicorn horn       [Unskilled]
 Spellcasting Skills
   healing spells     [Unskilled]
   divination spells  [Unskilled]
   clerical spells    [Basic]

Voluntary challenges:
 Character rerolling was not enabled.
 You were an atheist.
 You never genocided any monsters.
 You never polymorphed an object.
 You never changed form.
 You used no wishes.
Achievements:
 You entered a shop.
 You attained the rank of Acolyte.

 The Dungeons of Doom: levels 1 to 4
    Level 1:
       A sink.
    Level 2:
       An armor shop, a fountain.
    Level 3:
       A sink, a grave.
    Level 4: <- You were here.
       Final resting place for
          you, killed by a little dog.


Vanquished creatures:
  a little dog
  a werejackal
  a hobbit
  a giant rat
  2 brown molds
  a gecko
  6 jackals
  a fox
  2 goblins
  a sewer rat
  3 grid bugs
  2 bats
  2 lichens
  a kobold zombie
  3 newts
28 creatures vanquished.

No species were genocided or became extinct.

Game over:
                       ----------
                      /          \
                     /    REST    \
                    /      IN      \
                   /     PEACE      \
                  /                  \
                  |      DaveT       |
                  |      53 Au       |
                  |   killed by a    |
                  |    little dog    |
                  |                  |
                  |                  |
                  |       2026       |
                 *|     *  *  *      | *
        _________)/\\_//(\/(/\)/\//\/|_)_______

Goodbye DaveT the Priest...

You died in The Dungeons of Doom on dungeon level 4 with 572 points,
and 53 pieces of gold, after 1303 moves.
You were level 4 with a maximum of 33 hit points when you died.

